 Dungeon Crawl Stone Soup version 0.19-a0-1159-gbb7de16 (webtiles) character file.

60 Akrasiac the Grave Robber (level 3, 0/24 HPs)
             Began as a Mummy Necromancer on Aug 13, 2016.
             Killed from afar by Natasha (6 damage)
             ... with a magic dart
             ... on level 2 of the Dungeon.
             The game lasted 00:04:01 (1810 turns).

Akrasiac the Grave Robber (Mummy Necromancer)       Turns: 1810, Time: 00:04:02

Health: 0/24       AC:  2    Str: 11    XL:     3   Next: 82%
Magic:  4/6        EV: 12    Int: 15    God:
Gold:   61         SH:  0    Dex: 12    Spells: 1 memorised, 5 levels left

rFire  x . .     SeeInvis .     a - +0 whip
rCold  + . .     Gourm    .     c - +0 robe
rNeg   + + +     Faith    .     (no shield)
rPois  ∞         Spirit   .     (no helmet)
rElec  .         Dismiss  .     (no cloak)
rCorr  .         Reflect  .     (no gloves)
MR     .....     Harm     .     (no boots)
Stlth  ++........               (no amulet)
                                (no ring)
                                (no ring)

@: no status effects
A: no food or potions, fire vulnerability, cold resistance 1, negative energy
resistance 3, torment resistance, unbreathing
a: no special abilities


You were on level 2 of the Dungeon.
You were not hungry.

You visited 1 branch of the dungeon, and saw 2 of its levels.

You collected 61 gold pieces.

Inventory:

Hand Weapons
 a - a +0 whip (weapon)
Armour
 c - a +0 robe (worn)
Scrolls
 d - 3 scrolls of identify {unknown}
 e - 3 scrolls of recharging {unknown}
 f - a scroll of random uselessness {unknown}
Books
 b - a book of Necromancy

   Spells                             Type                      Level
   a - Pain                           Necromancy                   1
   b - Animate Skeleton               Necromancy                   1
   c - Vampiric Draining              Necromancy                   3
   d - Regeneration                   Charms/Necromancy            3
   e - Animate Dead                   Necromancy                   4
   f - Control Undead                 Necromancy                   4


   Skills:
 - Level 1.5 Dodging
 - Level 1.5 Stealth
 - Level 2.0 Spellcasting
 + Level 5.5 Necromancy


You had 5 spell levels left.
You knew the following spells:

 Your Spells              Type           Power        Failure   Level  Hunger
a - Pain                  Necr           ###.         1%          1    N/A

Dungeon Overview and Level Annotations

Branches:
Dungeon (2/15)

Altars:
Ashenzari

Annotations:
D:2 Natasha


Innate Abilities, Weirdness & Mutations

You do not eat or drink.
Your flesh is vulnerable to fire.
You are immune to poison.
Your flesh is cold resistant. (rC+)
You are immune to negative energy. (rN+++)
You are immune to unholy pain and torment.
You can survive without breathing.


Message History

The puff of frost hits you! You resist.
The white imp summons a swarm of flies.
The white imp gestures at you. The puff of frost hits you! You resist.
The white imp gestures at you. The puff of frost misses you.
The white imp disappears in a puff of smoke!
The shadow imp laughs crazily.
Natasha mumbles some strange words.
Natasha howls an incantation.
You feel disoriented.
Natasha stares at you and mumbles some strange words.
You resist with some effort. Natasha casts a spell at you.
The magic dart hits you!
* * * LOW HITPOINT WARNING * * *
Natasha mewls in sadness.
Natasha casts a spell at you. The magic dart hits you!
You die...

#.# #.#.# #.# #.#.#
#######.###.#+#### .§
..#.....55........ ..
#.###.#5###.####...... .(
#.....#.# #.# #...... ..
#...#<#§# #.# ##'#### ..
#...#.#.# #.# #.# .. #...#@#.#
#.# #.# .. ##### #...#.#.# #.#
#.# .. #... #...#.#.###.#####.#
#####.#######..#.#h.5........#
.................#..##.#######
........#######.h#5.##.########
...†.............#.............
......#########5##h###.########
.###### #..#.§†..........


You could see Natasha and a crimson imp.

Vanquished Creatures
  An adder (D:2)
  An ooze (D:1)
  A dart slug (D:1)
  A giant gecko (D:1)
  3 ball pythons
  5 bats (D:1)
  3 giant cockroaches
  4 goblins
  3 hobgoblins
  8 jackals
  2 kobolds (D:1)
  4 giant newts (D:1)
  3 rats (D:1)
39 creatures vanquished.

Notes
Turn   | Place    | Note
-------+----------+-------------------------------------------
     0 | D:1      | Akrasiac the Mummy Necromancer began the quest for the Orb.
     0 | D:1      | Reached XP level 1. HP: 13/13 MP: 3/3
     2 | D:1      | Noticed a demonspawn
     2 | D:1      | Noticed a human
     4 | D:1      | Noticed a demigod
     4 | D:1      | Noticed a draconian
     6 | D:1      | Noticed a formicid
     6 | D:1      | Noticed a troll
     8 | D:1      | Noticed a dwarf
     8 | D:1      | Noticed an octopode
    10 | D:1      | Noticed a spriggan
    14 | D:1      | Noticed an ogre
    16 | D:1      | Noticed a tengu
    16 | D:1      | Noticed a centaur
    18 | D:1      | Noticed a felid
    18 | D:1      | Noticed an elf
    20 | D:1      | Noticed a halfling
    20 | D:1      | Noticed a vampire
    22 | D:1      | Noticed a ghoul
    22 | D:1      | Noticed a gargoyle
    24 | D:1      | Noticed a vine stalker
    24 | D:1      | Noticed a minotaur
    26 | D:1      | Noticed a naga
    26 | D:1      | Noticed a merfolk
   184 | D:1      | Reached XP level 2. HP: 12/19 MP: 0/5
   958 | D:1      | Reached skill level 5 in Necromancy
   958 | D:1      | Reached XP level 3. HP: 24/24 MP: 4/6
  1337 | D:2      | Found a shattered altar of Ashenzari.
  1750 | D:2      | Noticed Natasha
  1810 | D:2      | Killed from afar by Natasha

Vault maps used:
D:1:      kb_arrival_jail
D:2:      grunt_dithmenos_smoke_and_mirrors, ashenzari_altar_1, uniq_natasha

Skill      XL: |  1  2 |
---------------+-------+-----
Necromancy     | 5 |  5.5
Dodging        | |  1.5
Stealth        | |  1.5
Spellcasting   | |  2.0

Action                   || total
-------------------------++-------
Melee: Unarmed           ||    11
       Whip              ||     1
 Cast: Pain              ||    74
Armor: Robe              ||    22
Dodge: Dodged            ||    44
